 Dungeon Crawl Stone Soup version bcrawl-1.21.2-20-g6d45ba5942 (webtiles) character file.

Game seed: 71313656965295575

243 MisterOstroum the Ruffian (level 5, -1/42 HPs)
             Began as a Draconian Transmuter on Feb 29, 2020.
             Was a Follower of Uskayaw.
             Killed from afar by Robin (3 damage)
             ... with a wand of flame (2)
             ... on level 3 of the Dungeon.
             The game lasted 00:04:16 (3609 turns).

MisterOstroum the Ruffian (Draconian Transmuter)    Turns: 3609, Time: 00:04:17

Health: -1/42      AC:  2    Str: 13    XL:     5   Next: 82%
Magic:  6/8        EV: 19    Int: 14    God:    Uskayaw [*.....]
Gold:   267        SH:  0    Dex: 16    Spells: 2/8 levels left

rFire    . . .     SeeInvis .     - Unarmed
rCold    . . .     Gourm    .   (shield currently unavailable)
rNeg     . . .     Faith    .   (armour unavailable)
rPois    x         Spirit   .   (helmet currently unavailable)
rElec    .         Reflect  .   (cloak currently unavailable)
rCorr    .         Harm     .   (gloves currently unavailable)
MR       .....                  (boots currently unavailable)
Stlth    +.........             (no amulet)
HPRegen  0.14/turn              (no ring)
MPRegen  0.11/turn              (no ring)

@: spider-form
A: tiny, unfitting armour, AC +5
a: End Transformation, Stomp, Renounce Religion


You were on level 3 of the Dungeon.
You worshipped Uskayaw.
Uskayaw was noncommittal.
You were not hungry.
You were a venomous arachnid creature.
You visited 1 branch of the dungeon, and saw 3 of its levels.

You collected 267 gold pieces.

Inventory:

Missiles
 a - 209 arrows
 d - 443 stones (quivered)
 k - 135 tomahawks
 o - 260 sling bullets
Wands
 l - a wand of polymorph (8)
 p - a wand of digging (6)
Scrolls
 b - a scroll of amnesia {unknown}
 f - 2 scrolls of identify {unknown}
 g - a scroll of immolation {unknown}
 h - a scroll of magic mapping {unknown}
 i - a scroll of enchant weapon {unknown}
 n - 2 scrolls of teleportation {unknown}
Potions
 j - a potion of ambrosia {unknown}
 m - a potion of heal wounds {@q2 !q}
Comestibles
 e - 9 rations {!d}


   Skills:
 + Level 2.6 Fighting
 - Level 1.7 Dodging
 + Level 4.1 Unarmed Combat
 - Level 2.0 Spellcasting
 * Level 4.0 Transmutations
 * Level 2.6 Poison Magic


You had 2 spell levels left.
You knew the following spells:

 Your Spells              Type           Power        Failure   Level  Hunger
a - Beastly Appendage     Tmut           ##....       14%         1    ##.....
b - Sticks to Snakes      Tmut           ##......     19%         2    ###....
c - Spider Form           Tmut/Pois      ##.          38%         3    ####...

Your spell library contained the following spells:

 Spells                   Type           Power        Failure   Level  Hunger
 Ice Form                 Ice/Tmut       #.......     87%         4    #####..
 Blade Hands              Tmut           ##........   90%         5    ######.


Dungeon Overview and Level Annotations

Branches:
Dungeon (3/12)

Altars:
Elyvilon
Nemelex Xobeh
Uskayaw
Yredelemnul

Annotations:
D:3 Robin, Terence


Innate Abilities, Weirdness & Mutations

((Your plain brown scales are hard. (AC +5)))
You cannot fit into any form of body armour.
((You are cold-blooded and may be slowed by cold attacks.))


Message History

You hit the kobold.
You kill the kobold!
Your Transmutations skill increases to level 4!
A hobgoblin comes into view. It is wielding a +0 club.
Robin of the Strong Arm comes into view.
She is wielding a +0 club and carrying a wand of flame (7).
You bite the hobgoblin!
You kill the hobgoblin!
A goblin comes into view.
You closely miss the hobgoblin. You hit the hobgoblin but do no damage.
The hobgoblin is poisoned.
Your transformation is almost over.
The hobgoblin misses you.
A hobgoblin comes into view. It is wielding a +0 club.
You barely miss the hobgoblin.
The hobgoblin is severely wounded.
The hobgoblin shouts!
The hobgoblin misses you.
You hit the hobgoblin but do no damage.
The hobgoblin looks more poisoned.
The hobgoblin is almost dead.
You kill the hobgoblin!
A hobgoblin comes into view. It is wielding a +0 club.
Robin roars a battlecry!
The goblins go into a battle-frenzy!
The hobgoblin shouts!
You hear a shout!
You hit the hobgoblin.
The hobgoblin is poisoned.
The hobgoblin is moderately wounded.
The goblin misses you. Robin throws the goblin at you!
The hobgoblin barely misses you.
You barely miss the hobgoblin.
The hobgoblin is severely wounded.
The goblin closely misses you. The hobgoblin barely misses you.
You bite the hobgoblin!
You kill the hobgoblin!
The goblin barely misses you.
A goblin comes into view.
It is wielding a +2 dagger of holy wrath.
The goblin closely misses you. The goblin misses you.
Your transformation has ended.
There is an open door here.
Robin throws the goblin at you! The goblin hits you but does no damage.
The goblin no longer looks unusually strong. x2
The hobgoblin no longer looks unusually strong.
The goblin no longer looks unusually strong. x2
Casting: Spider Form (safe; 19% risk of failure)
Confirm with . or Enter, or press ? or * to list all spells.
You turn into a venomous arachnid creature.
The goblin misses you.
You hit the goblin.
The goblin is poisoned.
The goblin is almost dead.
You kill the goblin!
The goblin closely misses you.
You see here a goblin corpse.
You bite the goblin!
You kill the goblin!
Your transformation is almost over.
You hit the goblin.
The goblin is poisoned.
The goblin is almost dead.
The goblin completely misses you.
You hit the goblin.
You kill the goblin!
You bite the hobgoblin!
You kill the hobgoblin!
Robin throws the goblin at you!
You barely miss the goblin. The goblin barely misses you.
You hit the goblin.
You kill the goblin!
The goblin misses you.
Robin zaps a wand.
The puff of flame hits you!
You can now pass through a line of other dancers.
You miss the goblin. The goblin completely misses you.
Robin roars a battlecry!
The goblins go into a battle-frenzy!
You barely miss the goblin. The goblin misses you.
Robin zaps a wand.
The puff of flame hits you!
You hit the goblin.
The goblin is poisoned.
The goblin is moderately wounded.
Your transformation has ended.
The goblin hits you with a +2 dagger of holy wrath.
You punch the goblin!
You kill the goblin!
All of the chunks of flesh in your inventory have rotted away.
Robin zaps a wand.
The puff of flame hits you!
* * * LOW HITPOINT WARNING * * *
You see here a +2 dagger of holy wrath.
You can no longer pass through a line of other dancers.
Robin zaps a wand.
The puff of flame hits you.
* * * LOW HITPOINT WARNING * * *
The hobgoblin no longer looks unusually strong.
Robin roars a battlecry!
Press: ? - help, v - describe, . - travel The floor.
Unknown command.
Casting: Spider Form (safe; 19% risk of failure)
Confirm with . or Enter, or press ? or * to list all spells.
You turn into a venomous arachnid creature.
Robin roars a battlecry!
Robin zaps a wand.
The puff of flame hits you.
* * * LOW HITPOINT WARNING * * *
Unknown command.
Robin zaps a wand.
The puff of flame hits you.
You die...

...g ### ....
#....####.### .... #
#.#..##...).# ...g
#.#.#..####.#.# ....
#.#.#..# #)#.# ....
...#..# #)#g#
...)####.#..# #.#.#
...#.#
##.....#....####s#.#
...#.@
.'.....'.........#g#
......
##.....####g######.#
...... #.....#
#....# #.# ......
#.....#
#....###.###.#..
...... #.....#
#...g.g.........
...... #.....#
##...###.###.#.#
####### #...# #.#
#.# #...# #.# #.#


You could see Robin.

Vanquished Creatures
  2 orc priests (D:3)
  2 orc wizards
  2 adders (D:2)
  6 worms
  A dart slug (D:1)
  3 leopard geckos
  6 orcs (D:3)
  2 ball pythons
  2 giant cockroaches
  7 goblins
  13 hobgoblins
  A jackal (D:2)
  8 kobolds
  8 bats
  5 frilled lizards
  5 rats
73 creatures vanquished.

Vanquished Creatures (collateral kills)
  A worker ant (D:2)
  A dart slug (D:2)
2 creatures vanquished.

Grand Total: 75 creatures vanquished

Notes
Turn   | Place    | Note
-------+----------+-------------------------------------------
     0 | D:1      | MisterOstroum the Draconian Transmuter began the quest for
                  | the Orb.
     0 | D:1      | Reached XP level 1. HP: 16/16 MP: 3/3
   156 | D:1      | Reached XP level 2. HP: 22/23 MP: 3/5
   164 | D:1      | Learned a level 2 spell: Sticks to Snakes
   696 | D:1      | Reached XP level 3. HP: 29/29 MP: 6/6
   794 | D:1      | Learned a level 3 spell: Spider Form
   969 | D:2      | Found a sparkling altar of Nemelex Xobeh.
  1259 | D:2      | Found a basalt altar of Yredelemnul.
  1380 | D:2      | Reached skill level 1 in Poison Magic
  1582 | D:2      | Reached XP level 4. HP: 36/36 MP: 1/7
  1708 | D:2      | Found a white marble altar of Elyvilon.
  1735 | D:2      | Found a hide-covered altar of Uskayaw.
  1807 | D:2      | Became a worshipper of Uskayaw the Reveler
  2268 | D:2      | Reached * piety under Uskayaw
  2814 | D:3      | Reached ** piety under Uskayaw
  2821 | D:3      | Reached *** piety under Uskayaw
  2822 | D:3      | Reached XP level 5. HP: 12/42 MP: 5/8
  2824 | D:3      | Reached **** piety under Uskayaw
  3188 | D:3      | Noticed Terence
  3547 | D:3      | Noticed Robin
  3608 | D:3      | HP: 2/42 [Robin/wand of flame (3) (5)]
  3609 | D:3      | Killed from afar by Robin

Skill      XL: |  1  2  3  4  5 |
---------------+----------------+-----
Fighting       | 2 |  2.6
Transmutations | 3 4 |  4.0
Poison Magic   | 1 2 |  2.6
Unarmed Combat | 4 |  4.1
Dodging        | |  1.7
Spellcasting   | |  2.0

Action                   |  1- 3 |  4- 6 || total
-------------------------+-------+-------++-------
Melee: Unarmed           |   122 |   129 ||   251
       Kick              |     6 |       ||     6
       Headbutt          |     8 |     1 ||     9
       Tailslap          |     4 |     6 ||    10
       Punch             |     1 |     1 ||     2
 Cast: Beastly Appendage |    20 |     3 ||    23
       Spider Form       |     2 |    14 ||    16
       Sticks to Snakes  |     2 |     1 ||     3
  Use: Potion            |     2 |     1 ||     3
 Stab: Sleeping          |     1 |     1 ||     2
       Paralysed         |       |     1 ||     1
  Eat: Chunk             |     1 |     7 ||     8
       Ration            |     1 |       ||     1
Armor: Skin              |    46 |    11 ||    57
Dodge: Dodged            |    99 |    59 ||   158
